 Dungeon Sprint DCSS version 0.17-a0-1719-g1afd5a1 (webtiles) character file.

98890 Kidiri the Imperceptible (level 15, 0/61 (63) HPs)
             Began as a Spriggan Enchanter on Aug 27, 2015.
             Was the Champion of Dithmenos.
             Engulfed by a cloud of flame (16 damage)
             ... in the Dungeon (Sprint III: "The Ten Rune Challenge").
             The game lasted 00:44:03 (6933 turns).

Kidiri the Imperceptible (Spriggan Enchanter)       Turns: 6933, Time: 00:44:03

HP:   0/61 (63)     AC:  4    Str:  6      XL:     15   Next: 39%
MP:   36/36         EV: 43    Int: 21 (24) God:    Dithmenos [******]
Gold: 1489          SH:  0    Dex: 24 (25) Spells: 13 memorised, 14 levels left

rFire  . . .     SeeInvis +     x - +2 rapier (freeze)
rCold  . . .     Clarity  +     o - +0 robe {rN+}
rNeg   + . .     SustAt   .     (shield restricted)
rPois  .         Gourm    .     q - +1 hat
rElec  +         Spirit   .     m - +0 cloak
rCorr  .         Warding  .     (gloves unavailable)
rMut   .         NoTele   +     (boots unavailable)
MR     ++...                    (no amulet)
Stlth  ++++++++++               (no ring)
                                a - ring "Varph" {rElec MP-9 Int+5 Dex+4 SInv}

@: wreathed by umbra, very quick, very resistant to hostile enchantments,
uncannily stealthy
A: unfitting armour, see invisible, clarity, deterioration 1, herbivore 3, speed
3, high mp 1, electricity resistance, slow metabolism 2, spit poison 1, strong 1
a: Spit Poison, Shadow Step, Shadow Form, Renounce Religion
}: 1/10 runes: serpentine


You were in the Dungeon.
You worshipped Dithmenos.
Dithmenos was exalted by your worship.
You were not hungry.

You visited 1 branch You collected 2119 gold pieces.
You spent 630 gold pieces at shops.

Inventory:

Hand weapons
 d - the +3 dagger "Sawken" {antimagic, Dex+8}
   (You found it in the Dungeon)

   It disrupts the flow of magical energy around spellcasters and certain
   magical creatures (including the wielder).
   It affects your dexterity (+8).
 n - a +5 dagger of draining
 x - a +2 rapier of freezing (weapon)
Armour
 m - a +0 cloak (worn)
 o - a +0 robe of positive energy (worn)
 q - a +1 hat (worn)
Jewellery
 a - the ring "Varph" (left hand) {rElec MP-9 Int+5 Dex+4 SInv}
   (You found it in the Dungeon)

   [ring of intelligence]

   It affects your intelligence (+5).
   It affects your dexterity (+4).
   It insulates you from electricity.
   It affects your magic capacity (-9).
   It lets you see invisible.
Magical devices
 k - a wand of polymorph (10)
Scrolls
 b - a scroll of amnesia {unknown}
 h - a scroll of magic mapping {unknown}
 j - a scroll of blinking
 t - a scroll of torment
 u - a scroll of remove curse
Potions
 e - 6 potions of curing
 f - a potion of heal wounds
 g - 2 potions of haste
 i - 3 potions of berserk rage
 l - 2 potions of might
 p - a potion of invisibility
 s - a potion of brilliance {unknown}
 v - 2 potions of cure mutation
 w - 2 potions of flight {unknown}
 z - a potion of magic
Comestibles
 c - 4 fruits
 r - 29 royal jellies


   Skills:
 + Level 14.9 Short Blades
 * Level 24.8 Dodging
 * Level 26.9 Stealth
 * Level 21.7 Spellcasting
 + Level 10.9 Conjurations
 + Level 16.6 Hexes
 + Level 16.7 Charms
 + Level 11.8 Ice Magic
 + Level 6.6 Air Magic
 + Level 7.3 Poison Magic
 - Level 2.4 Invocations


You had 14 spell levels left.
You knew the following spells:

 Your Spells              Type           Power        Failure   Level  Hunger
a - Corona                Hex            #######      0%          1    None
b - Ensorcelled Hibernat  Hex/Ice        ######       0%          2    None
c - Confuse               Hex            #######.     0%          3    None
d - Tukima's Dance        Hex            #######.     0%          3    None
e - Dazzling Spray        Conj/Hex       ######..     1%          3    None
f - Magic Dart            Conj           ####         1%          1    None
g - Searing Ray           Conj           ######       1%          2    None
h - Fulminant Prism       Conj/Hex       ######....   1%          4    None
i - Iskenderun's Mystic   Conj           ######..     1%          4    None
j - Iskenderun's Battles  Conj/Chrm      ######..     1%          5    None
k - Mephitic Cloud        Conj/Pois/Air  ######..     1%          3    None
l - Freezing Cloud        Conj/Ice/Air   ######....   8%          6    ###....
m - Poisonous Cloud       Conj/Pois/Air  ######....   12%         6    ###....


Dungeon Overview and Level Annotations

Branches:
Dungeon (1/1)

Altars:
Cheibriados
Dithmenos
Elyvilon
Fedhas
Gozag
Kikubaaqudgha
Makhleb
Nemelex Xobeh
Okawaru
Qazlal
Ru
Sif Muna
Trog
Vehumet
Xom
Yredelemnul
Zin
The Shining One
Jiyva
Lugonu

Shops:
D }(?}(?:(:}:*%?[!}(=

Annotations:
D Xtahua


Innate Abilities, Weirdness & Mutations

You are tiny and cannot use many weapons and most armour.
You have supernaturally acute eyesight.
You are a herbivore.
You cover ground extremely quickly.
You need consume almost no food.
You possess an exceptional clarity of mind.
Your body sometimes deteriorates upon taking damage.
You have an increased reservoir of magic (+10% MP).
You are resistant to electric shocks.
You can spit weak poison.
Your muscles are strong. (Str +2)


Message History

Moving in this stuff is going to be slow.
You are engulfed in roaring flames.
Your body deteriorates!
You feel clumsy.
You emit a cloud of dark smoke.
Why would you want to do that?
Unknown command.
You enter the shallow water.
Moving in this stuff is going to be slow.
Unknown command.
You are engulfed in roaring flames.
You are engulfed in roaring flames.
You are engulfed in roaring flames.
* * * LOW HITPOINT WARNING * * *
You emit a cloud of dark smoke.
Unknown command.
Really walk into that cloud of flame?
Okay, then.
Really walk into that cloud of flame?
You are engulfed in roaring flames.
You die...

..%..%..#
♣♣.♣
#.#.P.....
%......##
♣.♣♣
#.#.....##
########
♣.♣♣
#.#...###.
%......##
♣..♣
#.#)###..§
........#
♣♣.♣♣
#.#+#§.§§.
######..#
♣♣.♣ ♣
#.#§§§§.§§
........#
♣♣.§♣♣♣♣♣♣.♣
#.#§§§.§§§
.......##
♣.§§§§§§§§§♣
#..§§§§§§.
#########
♣..§§§@§§§.♣
#########§
........#
♣.♣.§§§§§.≈♣
#§ ........#
♣♣♣♣♣♣♣♣∩∩∩♣
......§§
#########
♣♣♣♣
......§§
#+######


There were no monsters in sight!

Vanquished Creatures
  Frederick (D)
  Sigmund (D)
  5 bone dragons (D)
  Rupert (D)
  A lich (D)
  Gastronok (D)
  Chuck (D)
  2 sphinxes (D)
  2 shadow dragons (D)
  A greater naga (D)
  Maud (D)
  2 dire elephants (D)
  2 vampire knights (D)
  2 mummy priests (D)
  Josephine (D)
  4 fire dragons (D)
  A yaktaur captain (D)
  A naga warrior (D)
  An ogre mage (D)
  2 hydras (D)
  3 anacondas (D)
  An anaconda (shapeshifter) (D)
  4 dancing weapons (D)
  2 centaur warriors (D)
  4 death yaks (D)
  4 orc high priests (D)
  2 deep elf knights (D)
  A sea snake (shapeshifter) (D)
  An unseen horror (D)
  A death drake (D)
  6 skeletal warriors (D)
  A spriggan druid (D)
  A deep elf summoner (D)
  A lindwurm (D)
  An obsidian statue (D)
  An ugly thing (D)
  A guardian serpent (D)
  2 elephants (D)
  9 black mambas (D)
  Edmund (D)
  An orange crystal statue (D)
  A komodo dragon (D)
  2 spiny frogs (D)
  A fire drake (D)
  3 deep elf priests (D)
  15 guardian mummies (D)
  3 wandering mushrooms (D)
  A queen bee (D)
  4 spriggan defenders (D)
  7 slime creatures (D)
  A boulder beetle (shapeshifter) (D)
  8 blink frogs (D)
  3 redbacks (D)
  2 spriggans (D)
  A redback (shapeshifter) (D)
  A shadow (D)
  A spatial vortex (D)
  2 nagas (D)
  3 water moccasins (D)
  3 orc warriors (D)
  A swamp drake (D)
  2 centaurs (D)
  A necrophage (D)
  2 brain worms (D)
  An earth elemental (D)
  A water elemental (D)
  32 killer bees (D)
  An electric eel (D)
  A jelly (D)
  Crazy Yiuf (D)
  4 orc priests (D)
  Jessica (D)
  An orc wizard (D)
  A wizard (D)
  2 necromancers (D)
  3 humans (D)
  A kobold demonologist (D)
  2 adders (D)
  2 oozes (D)
  10 orcs (D)
  A bat simulacrum (D)
  3 bushes (D)
  2 plants (D)
219 creatures vanquished.

Vanquished Creatures (collateral kills)
  A vampire knight (D)
1 creature vanquished.

Vanquished Creatures (others)
  2 draconian scorchers (D)
  A hydra (D)
  3 yaktaurs (D)
  2 fire drakes (D)
  2 fulminant prisms (D)
  14 plants (D)
24 creatures vanquished.

Grand Total: 244 creatures vanquished

Notes
Turn   | Place    | Note
--------------------------------------------------------------
     0 | D        | Kidiri the Spriggan Enchanter began the quest for the Orb.
     0 | D        | Reached XP level 1. HP: 9/9 MP: 5/5
     4 | D        | Reached skill level 5 in Stealth
    15 | D        | Reached skill level 6 in Stealth
    15 | D        | Reached XP level 2. HP: 10/13 MP: 7/7
    19 | D        | Learned a level 2 spell: Ensorcelled Hibernation
    91 | D        | Noticed Jessica
    94 | D        | Killed Jessica
    94 | D        | Reached skill level 5 in Dodging
    94 | D        | Reached skill level 7 in Stealth
    94 | D        | Reached skill level 1 in Ice Magic
    94 | D        | Reached XP level 3. HP: 16/16 MP: 7/9
   119 | D        | Learned a level 3 spell: Confuse
   123 | D        | Learned a level 3 spell: Tukima's Dance
   146 | D        | Reached skill level 5 in Hexes
   148 | D        | Killed a white draconian scorcher
   185 | D        | Killed a white draconian scorcher
   193 | D        | Noticed Crazy Yiuf
   203 | D        | Killed Crazy Yiuf
   203 | D        | Reached skill level 8 in Stealth
   203 | D        | Reached skill level 5 in Spellcasting
   203 | D        | Reached XP level 4. HP: 21/21 MP: 7/12
   215 | D        | Killed a yaktaur
   231 | D        | Learned a level 3 spell: Dazzling Spray
   235 | D        | Gained mutation: You have an increased reservoir of magic (+10% MP). [potion of mutation]
   235 | D        | Gained mutation: You are resistant to electric shocks. [potion of mutation]
   235 | D        | Gained mutation: You are partially covered in rugged brown scales (AC +1, +3% HP). [potion of mutation]
   236 | D        | Gained mutation: You evolve. [potion of mutation]
   236 | D        | Gained mutation: You possess an exceptional clarity of mind. [potion of mutation]
   236 | D        | Gained mutation: Your muscles are strong. (Str +2) [potion of mutation]
   237 | D        | Gained mutation: Your body sometimes deteriorates upon taking damage. [potion of mutation]
   237 | D        | Gained mutation: Your spells are a little harder to cast, but a little more powerful. [potion of mutation]
   237 | D        | Lost mutation: You evolve. [potion of mutation]
   238 | D        | Lost mutation: Your spells are a little harder to cast, but a little more powerful. [potion of mutation]
   270 | D        | Noticed a water elemental
   277 | D        | Killed a fire drake
   295 | D        | Killed a water elemental
   295 | D        | Reached skill level 9 in Stealth
   295 | D        | Reached XP level 5. HP: 24/24 MP: 2/15
   394 | D        | Noticed a jelly
   395 | D        | Noticed a shadow
   397 | D        | Killed a shadow
   397 | D        | Reached skill level 10 in Stealth
   397 | D        | Reached XP level 6. HP: 28/28 MP: 16/19
   401 | D        | Killed a jelly
   418 | D        | Found a stormy altar of Qazlal.
   419 | D        | Found a sacrificial altar of Ru.
   419 | D        | Found a burning altar of Makhleb.
   419 | D        | Found a viscous altar of Jiyva.
   419 | D        | Found a shimmering altar of Xom.
   419 | D        | Found a shadowy altar of Dithmenos.
   419 | D        | Found a sparkling altar of Nemelex Xobeh.
   419 | D        | Found a corrupted altar of Lugonu.
   419 | D        | Found an opulent altar of Gozag.
   419 | D        | Noticed a spatial vortex
   423 | D        | Became a worshipper of Dithmenos the Shadowed
   425 | D        | Killed a spatial vortex
   425 | D        | Reached skill level 11 in Stealth
   425 | D        | Reached skill level 1 in Invocations
   458 | D        | Found a radiant altar of Vehumet.
   459 | D        | Found a deep blue altar of Sif Muna.
   459 | D        | Found an ancient bone altar of Kikubaaqudgha.
   459 | D        | Noticed a wizard
   460 | D        | Killed a wizard
   471 | D        | Learned a level 1 spell: Magic Dart
   474 | D        | Learned a level 2 spell: Searing Ray
   479 | D        | Learned a level 4 spell: Fulminant Prism
   487 | D        | Found a glowing silver altar of Zin.
   488 | D        | Found a glowing golden altar of the Shining One.
   488 | D        | Found a white marble altar of Elyvilon.
   488 | D        | Noticed a deep elf priest
   490 | D        | Killed a deep elf priest
   490 | D        | Reached skill level 5 in Short Blades
   490 | D        | Reached skill level 10 in Dodging
   490 | D        | Reached skill level 12 in Stealth
   490 | D        | Reached XP level 7. HP: 32/32 MP: 20/22
   506 | D        | Found an iron altar of Okawaru.
   507 | D        | Found a bloodstained altar of Trog.
   507 | D        | Noticed a human
   507 | D        | Noticed a human
   509 | D        | Killed a human
   510 | D        | Killed a human
   510 | D        | Reached XP level 8. HP: 37/37 MP: 22/24
   527 | D        | Killed a fire drake
   564 | D        | Found a snail-covered altar of Cheibriados.
   564 | D        | Noticed a necrophage
   565 | D        | Found a basalt altar of Yredelemnul.
   565 | D        | Found a blossoming altar of Fedhas.
   565 | D        | Noticed a necromancer
   566 | D        | Killed a necrophage
   566 | D        | Acquired Dithmenos's first power
   566 | D        | Reached skill level 13 in Stealth
   567 | D        | Killed a necromancer
   587 | D        | Noticed Josephine
   589 | D        | Killed Josephine
   589 | D        | Reached skill level 14 in Stealth
   589 | D        | Reached skill level 10 in Spellcasting
   613 | D        | Learned a level 4 spell: Iskenderun's Mystic Blast
   619 | D        | Learned a level 5 spell: Iskenderun's Battlesphere
   625 | D        | Killed a yaktaur
   664 | D        | Noticed an earth elemental
   710 | D        | Killed an earth elemental
   710 | D        | Reached skill level 5 in Ice Magic
   785 | D        | Killed a five-headed hydra
   849 | D        | Noticed a centaur
   849 | D        | Noticed a centaur warrior
   849 | D        | Noticed a centaur
   851 | D        | Killed a centaur
   851 | D        | Reached skill level 1 in Charms
   851 | D        | Reached XP level 9. HP: 40/40 MP: 27/27
   853 | D        | Killed a centaur warrior
   853 | D        | Acquired Dithmenos's second power
   853 | D        | Reached skill level 15 in Stealth
   854 | D        | Killed a centaur
   952 | D        | Noticed an unseen horror
   958 | D        | Killed an unseen horror
   964 | D        | Noticed a killer bee
   964 | D        | Noticed a killer bee
   964 | D        | Noticed a killer bee
   964 | D        | Noticed a killer bee
   964 | D        | Noticed a killer bee
   964 | D        | Noticed a killer bee
   964 | D        | Noticed a killer bee
   964 | D        | Noticed a killer bee
   964 | D        | Noticed a killer bee
   964 | D        | Noticed a killer bee
   964 | D        | Noticed a queen bee
   964 | D        | Noticed a killer bee
   964 | D        | Noticed a killer bee
   964 | D        | Noticed a killer bee
   964 | D        | Noticed a killer bee
   965 | D        | Noticed a killer bee
   965 | D        | Noticed a killer bee
   965 | D        | Noticed a killer bee
   965 | D        | Noticed a killer bee
   965 | D        | Noticed a killer bee
   965 | D        | Noticed a killer bee
   965 | D        | Noticed a killer bee
   965 | D        | Noticed a killer bee
   965 | D        | Noticed a killer bee
   965 | D        | Noticed a killer bee
   965 | D        | Noticed a killer bee
   965 | D        | Noticed a killer bee
   965 | D        | Noticed a killer bee
   965 | D        | Noticed a killer bee
   965 | D        | Noticed a killer bee
   965 | D        | Noticed a killer bee
   965 | D        | Noticed a killer bee
   965 | D        | Noticed a killer bee
   968 | D        | Killed a killer bee
   970 | D        | Killed a killer bee
   972 | D        | Killed a killer bee
   972 | D        | Acquired Dithmenos's third power
   974 | D        | Killed a killer bee
   976 | D        | Killed a killer bee
   976 | D        | Reached skill level 5 in Conjurations
   978 | D        | Killed a killer bee
   980 | D        | Killed a killer bee
   984 | D        | Killed a killer bee
   986 | D        | Killed a killer bee
   988 | D        | Killed a killer bee
   988 | D        | Acquired Dithmenos's fourth power
   990 | D        | Killed a killer bee
   992 | D        | Killed a killer bee
   994 | D        | Killed a killer bee
   994 | D        | Reached skill level 16 in Stealth
   996 | D        | Killed a killer bee
  1129 | D        | Killed a killer bee
  1129 | D        | Reached XP level 10. HP: 45/45 MP: 29/29
  1131 | D        | Killed a killer bee
  1133 | D        | Killed a killer bee
  1135 | D        | Killed a killer bee
  1135 | D        | Reached skill level 5 in Charms
  1137 | D        | Killed a killer bee
  1139 | D        | Killed a killer bee
  1141 | D        | Killed a killer bee
  1147 | D        | Killed a killer bee
  1147 | D        | Reached skill level 10 in Hexes
  1149 | D        | Killed a killer bee
  1151 | D        | Killed a killer bee
  1153 | D        | Killed a killer bee
  1155 | D        | Killed a killer bee
  1158 | D        | Killed a killer bee
  1160 | D        | Killed a killer bee
  1298 | D        | Killed a killer bee
  1303 | D        | Killed a killer bee
  1306 | D        | Killed a killer bee
  1307 | D        | Killed a queen bee
  1314 | D        | Killed a killer bee
  1513 | D        | Noticed a wandering mushroom
  1514 | D        | Noticed a wandering mushroom
  1514 | D        | Noticed a wandering mushroom
  1516 | D        | Killed a wandering mushroom
  1516 | D        | Reached skill level 15 in Dodging
  1520 | D        | Killed a wandering mushroom
  1522 | D        | Killed a wandering mushroom
  1522 | D        | Reached skill level 17 in Stealth
  1586 | D        | Noticed a spiny frog
  1586 | D        | Noticed a komodo dragon
  1586 | D        | Noticed a spiny frog
  1592 | D        | Killed a spiny frog
  1595 | D        | Killed a komodo dragon
  1603 | D        | Killed a spiny frog
  1842 | D        | Noticed a redback
  1844 | D        | Killed a redback
  1845 | D        | Noticed a brain worm
  1848 | D        | Killed a brain worm
  1853 | D        | Noticed a brain worm
  1855 | D        | Killed a brain worm
  1861 | D        | Noticed a lindwurm
  1863 | D        | Noticed a redback
  1864 | D        | Killed a lindwurm
  1866 | D        | Killed a redback
  1872 | D        | Noticed a redback
  1873 | D        | Killed a redback
  1874 | D        | Noticed Maud
  1876 | D        | Killed Maud
  1876 | D        | Reached skill level 18 in Stealth
  1876 | D        | Reached XP level 11. HP: 48/48 MP: 32/32
  1879 | D        | Noticed an electric eel
  1880 | D        | Noticed a four-headed hydra
  1880 | D        | Noticed a six-headed hydra
  1881 | D        | Killed an electric eel
  1883 | D        | Killed a four-headed hydra
  1884 | D        | Killed a six-headed hydra
  1924 | D        | Noticed a death drake
  1927 | D        | Killed a death drake
  1934 | D        | Found a blossoming altar of Fedhas.
  1934 | D        | Noticed a spriggan
  1934 | D        | Noticed a spriggan druid
  1934 | D        | Noticed a spriggan
  1936 | D        | Killed a spriggan druid
  1936 | D        | Reached skill level 10 in Short Blades
  1938 | D        | Killed a spriggan
  1939 | D        | Killed a spriggan
  1971 | D        | Found Koezxiloi's Antique Weapon Emporium.
  1971 | D        | Found Wojy's Magic Scroll Shop.
  1971 | D        | Found Essaxiott's Book Shoppe.
  1972 | D        | Noticed a fire dragon
  1998 | D        | Killed a fire dragon
  1998 | D        | Reached skill level 19 in Stealth
  2027 | D        | Noticed a fire dragon
  2047 | D        | Killed a fire dragon
  2047 | D        | Reached skill level 15 in Spellcasting
  2072 | D        | Noticed Xtahua
  2119 | D        | Noticed a swamp drake
  2119 | D        | Noticed a fire drake
  2120 | D        | Killed a fire drake
  2122 | D        | Killed a swamp drake
  2128 | D        | Noticed a blink frog
  2129 | D        | Noticed a blink frog
  2129 | D        | Noticed a blink frog
  2129 | D        | Noticed a blink frog
  2130 | D        | Noticed a blink frog
  2131 | D        | Killed a blink frog
  2133 | D        | Killed a blink frog
  2137 | D        | Killed a blink frog
  2138 | D        | Killed a blink frog
  2144 | D        | Killed a blink frog
  2214 | D        | Noticed Rupert
  2216 | D        | Killed Rupert
  2216 | D        | Reached skill level 20 in Stealth
  2216 | D        | Reached skill level 10 in Charms
  2216 | D        | Reached XP level 12. HP: 52/52 MP: 30/35
  2241 | D        | Noticed a death yak
  2242 | D        | Noticed a death yak
  2242 | D        | Noticed a blink frog
  2243 | D        | Noticed an azure jelly
  2243 | D        | Noticed a death yak
  2243 | D        | Noticed an azure jelly
  2243 | D        | Noticed a blink frog
  2243 | D        | Noticed a death yak
  2244 | D        | Killed a death yak
  2258 | D        | Killed a death yak
  2263 | D        | Killed a death yak
  2270 | D        | Killed a blink frog
  2278 | D        | Killed a blink frog
  2417 | D        | Killed a yaktaur
  2426 | D        | Noticed a blink frog
  2429 | D        | Killed a blink frog
  2430 | D        | Noticed a black mamba
  2433 | D        | Noticed a black mamba
  2438 | D        | Killed a death yak
  2441 | D        | Killed a black mamba
  2450 | D        | Killed a black mamba
  2526 | D        | Noticed a black mamba
  2526 | D        | Noticed a water moccasin
  2526 | D        | Noticed a black mamba
  2526 | D        | Noticed an anaconda
  2526 | D        | Noticed an anaconda
  2526 | D        | Noticed a water moccasin
  2527 | D        | Killed an anaconda
  2529 | D        | Killed an anaconda
  2530 | D        | Killed a black mamba
  2531 | D        | Killed a water moccasin
  2535 | D        | Killed a water moccasin
  2538 | D        | Killed a black mamba
  2538 | D        | Reached skill level 21 in Stealth
  2559 | D        | Noticed a black mamba
  2559 | D        | Noticed a black mamba
  2559 | D        | Noticed an anaconda
  2559 | D        | Noticed a water moccasin
  2559 | D        | Noticed a black mamba
  2559 | D        | Noticed a black mamba
  2560 | D        | Killed a black mamba
  2561 | D        | Noticed a black mamba
  2562 | D        | Killed a black mamba
  2564 | D        | Killed a black mamba
  2566 | D        | Killed a black mamba
  2568 | D        | Killed a water moccasin
  2571 | D        | Killed a black mamba
  2573 | D        | Killed an anaconda
  2607 | D        | Noticed a naga
  2607 | D        | Noticed a naga
  2608 | D        | Noticed a naga warrior
  2608 | D        | Noticed a greater naga
  2608 | D        | Found Nimu Pedgh's Gadget Boutique.
  2608 | D        | Found Sikk's Antique Weapon Emporium.
  2609 | D        | Killed a naga
  2610 | D        | Killed a naga
  2611 | D        | Found Liaf's Magic Scroll Shop.
  2612 | D        | Killed a naga warrior
  2613 | D        | Killed a greater naga
  2626 | D        | Noticed a guardian serpent
  2629 | D        | Killed a guardian serpent
  2629 | D        | Reached XP level 13. HP: 56/56 MP: 32/38
  2632 | D        | Got a serpentine rune of Zot
  2708 | D        | Noticed an azure jelly
  2708 | D        | Noticed an azure jelly
  2709 | D        | Noticed an elephant
  2709 | D        | Noticed an elephant
  2709 | D        | Noticed a dire elephant
  2709 | D        | Noticed a dire elephant
  2709 | D        | Noticed Gastronok
  2711 | D        | Killed Gastronok
  2712 | D        | Killed a dire elephant
  2712 | D        | Reached skill level 22 in Stealth
  2715 | D        | Killed a dire elephant
  2718 | D        | Killed an elephant
  2720 | D        | Killed an elephant
  2799 | D        | Noticed Sigmund
  2799 | D        | Noticed Edmund
  2801 | D        | Killed Sigmund
  2803 | D        | Killed Edmund
  2850 | D        | Found Daothun's Gadget Emporium.
  2850 | D        | Noticed an orc high priest
  2850 | D        | Noticed an orc priest
  2850 | D        | Noticed an orc priest
  2850 | D        | Noticed an orc warrior
  2851 | D        | Noticed an orc high priest
  2852 | D        | Noticed an orc warrior
  2853 | D        | Noticed an orc wizard
  2853 | D        | Noticed an orc warrior
  2856 | D        | Killed an orc high priest
  2860 | D        | Killed an orc high priest
  2863 | D        | Killed an orc priest
  2866 | D        | Killed an orc wizard
  2868 | D        | Killed an orc warrior
  2869 | D        | Killed an orc priest
  2872 | D        | Killed an orc warrior
  2875 | D        | Killed an orc warrior
  3078 | D        | Noticed a deep elf priest
  3078 | D        | Noticed a deep elf knight
  3078 | D        | Noticed a deep elf knight
  3078 | D        | Noticed a deep elf priest
  3078 | D        | Noticed a deep elf summoner
  3085 | D        | Noticed a deep elf annihilator
  3087 | D        | Killed a deep elf priest
  3088 | D        | Noticed a deep elf conjurer
  3089 | D        | Killed a deep elf priest
  3091 | D        | Killed a deep elf knight
  3091 | D        | Reached skill level 23 in Stealth
  3097 | D        | Killed a deep elf summoner
  3100 | D        | Killed a deep elf knight
  3181 | D        | Noticed a deep elf conjurer
  3287 | D        | Noticed a deep elf demonologist
  3343 | D        | Noticed an orc priest
  3343 | D        | Noticed an orc high priest
  3344 | D        | Noticed an orc high priest
  3344 | D        | Noticed an orc priest
  3345 | D        | Killed an orc high priest
  3347 | D        | Killed an orc priest
  3348 | D        | Killed an orc high priest
  3351 | D        | Killed an orc priest
  3424 | D        | Noticed a yaktaur captain
  3424 | D        | Noticed a yaktaur captain
  3424 | D        | Noticed a yaktaur captain
  3450 | D        | Noticed a spriggan defender
  3451 | D        | Noticed a spriggan defender
  3451 | D        | Noticed a spriggan defender
  3452 | D        | Noticed a spriggan defender
  3454 | D        | Killed a spriggan defender
  3462 | D        | Killed a spriggan defender
  3463 | D        | Killed a spriggan defender
  3470 | D        | Killed a spriggan defender
  3599 | D        | Got a bound glass ring
  3600 | D        | Identified the ring "Varph" {rElec MP-9 Int+5 Dex+4 SInv} (You found it in the Dungeon)
  3604 | D        | Noticed a green ugly thing
  3610 | D        | Noticed a centaur warrior
  3622 | D        | Killed a green ugly thing
  3633 | D        | Killed a centaur warrior
  3633 | D        | Reached skill level 10 in Ice Magic
  3731 | D        | Noticed a fire dragon
  3733 | D        | Killed a fire dragon
  3745 | D        | Noticed a boulder beetle
  3747 | D        | Killed a boulder beetle
  3766 | D        | Got an ivory dagger
  3767 | D        | Identified the +3 dagger "Sawken" {antimagic, Dex+8} (You found it in the Dungeon)
  3870 | D        | Noticed a hand axe of draining
  3870 | D        | Noticed a flail of draining
  3870 | D        | Noticed a trident of protection
  3871 | D        | Noticed a hand axe of chopping
  3872 | D        | Killed a flail of draining
  3879 | D        | Killed a hand axe of chopping
  3881 | D        | Killed a trident of protection
  3974 | D        | Killed a hand axe of draining
  4122 | D        | Noticed an orange crystal statue
  4134 | D        | Killed an orange crystal statue
  4144 | D        | Found Jozaq's Food Emporium.
  4144 | D        | Found Sustaf's Antique Armour Shop.
  4144 | D        | Found Quveitt's Book Boutique.
  4144 | D        | Found Mecleomm's Jewellery Shoppe.
  4144 | D        | Found Moodefus's Assorted Antiques.
  4144 | D        | Found Udahyab's Magic Scroll Emporium.
  4144 | D        | Found Ewiu's Gadget Shoppe.
  4144 | D        | Found Xeser's Weapon Shop.
  4144 | D        | Found Cigudaire's Book Shop.
  4144 | D        | Found Siorheh's Gadget Emporium.
  4144 | D        | Found Bofi's Antique Weapon Emporium.
  4144 | D        | Found Lualuerch's Distillery.
  4191 | D        | Bought a book of Clouds for 630 gold pieces
  4195 | D        | Learned a level 3 spell: Mephitic Cloud
  4202 | D        | Learned a level 6 spell: Freezing Cloud
  4209 | D        | Learned a level 6 spell: Poisonous Cloud
  4343 | D        | Noticed a slime creature
  4343 | D        | Noticed a slime creature
  4343 | D        | Noticed a slime creature
  4343 | D        | Noticed a slime creature
  4343 | D        | Noticed a slime creature
  4343 | D        | Noticed an anaconda
  4344 | D        | Noticed a yaktaur captain
  4345 | D        | Killed a slime creature
  4346 | D        | Killed a slime creature
  4347 | D        | Killed an anaconda
  4350 | D        | Killed a slime creature
  4350 | D        | Reached XP level 14. HP: 60/60 MP: 27/41
  4352 | D        | Killed a slime creature
  4363 | D        | Killed a slime creature
  4373 | D        | Killed a yaktaur captain
  4373 | D        | Reached skill level 24 in Stealth
  4373 | D        | Reached skill level 1 in Air Magic
  4373 | D        | Reached skill level 1 in Poison Magic
  4448 | D        | Noticed Chuck
  4451 | D        | Noticed a slime creature
  4454 | D        | Killed a slime creature
  4700 | D        | Noticed a redback
  4703 | D        | Killed a redback
  4710 | D        | Killed Chuck
  4903 | D        | Noticed Frederick
  4905 | D        | Killed Frederick
  4905 | D        | Reached skill level 15 in Hexes
  4925 | D        | Noticed a lich
  4925 | D        | Noticed a sea snake
  4927 | D        | Killed a lich
  4930 | D        | Killed a sea snake
  5006 | D        | Noticed a slime creature
  5006 | D        | Noticed a shadow dragon
  5006 | D        | Noticed an ogre mage
  5010 | D        | Killed a slime creature
  5013 | D        | Noticed a shadow dragon
  5015 | D        | Killed a shadow dragon
  5016 | D        | Killed a shadow dragon
  5016 | D        | Reached skill level 15 in Charms
  5017 | D        | Killed an ogre mage
  5017 | D        | Reached skill level 10 in Conjurations
  5023 | D        | Noticed an obsidian statue
  5039 | D        | Killed an obsidian statue
  5293 | D        | Noticed a vampire knight
  5315 | D        | Killed a vampire knight
  5315 | D        | Reached skill level 25 in Stealth
  5488 | D        | Noticed a skeletal warrior
  5500 | D        | Killed a skeletal warrior
  5577 | D        | Noticed a skeletal warrior
  5579 | D        | Killed a skeletal warrior
  5592 | D        | Noticed a vampire knight
  5597 | D        | Killed a vampire knight
  5601 | D        | Lost mutation: You are partially covered in rugged brown scales (AC +1, +3% HP). [potion of mutation]
  5601 | D        | Gained mutation: You can spit weak poison. [potion of mutation]
  5666 | D        | Noticed a skeletal warrior
  5668 | D        | Killed a skeletal warrior
  5672 | D        | Noticed a skeletal warrior
  5674 | D        | Killed a skeletal warrior
  5681 | D        | Noticed a bone dragon
  5683 | D        | Killed a bone dragon
  5683 | D        | Reached skill level 5 in Poison Magic
  5687 | D        | Noticed a bone dragon
  5689 | D        | Killed a bone dragon
  5693 | D        | Noticed a necromancer
  5695 | D        | Killed a necromancer
  5709 | D        | Noticed a skeletal warrior
  5723 | D        | Killed a skeletal warrior
  5723 | D        | Reached skill level 5 in Air Magic
  5908 | D        | Noticed a skeletal warrior
  5910 | D        | Killed a skeletal warrior
  5920 | D        | Noticed a bone dragon
  5922 | D        | Killed a bone dragon
  5928 | D        | Noticed a bone dragon
  5930 | D        | Killed a bone dragon
  5930 | D        | Reached skill level 26 in Stealth
  5930 | D        | Reached XP level 15. HP: 63/63 MP: 36/45
  5937 | D        | Noticed a vampire knight
  5943 | D        | Killed a vampire knight
  6014 | D        | Noticed a guardian mummy
  6016 | D        | Killed a guardian mummy
  6057 | D        | Noticed a bone dragon
  6059 | D        | Killed a bone dragon
  6098 | D        | Noticed a guardian mummy
  6098 | D        | Noticed a guardian mummy
  6106 | D        | Killed a guardian mummy
  6109 | D        | Killed a guardian mummy
  6115 | D        | Noticed a sphinx
  6115 | D        | Noticed a sphinx
  6116 | D        | Noticed a guardian mummy
  6117 | D        | Killed a sphinx
  6118 | D        | Killed a sphinx
  6120 | D        | Killed a guardian mummy
  6281 | D        | Noticed a guardian mummy
  6281 | D        | Noticed a guardian mummy
  6281 | D        | Noticed a guardian mummy
  6282 | D        | Noticed a guardian mummy
  6282 | D        | Noticed a guardian mummy
  6282 | D        | Noticed a guardian mummy
  6283 | D        | Killed a guardian mummy
  6284 | D        | Killed a guardian mummy
  6444 | D        | Noticed a mummy priest
  6445 | D        | Killed a guardian mummy
  6450 | D        | Killed a mummy priest
  6459 | D        | Killed a guardian mummy
  6460 | D        | Killed a guardian mummy
  6467 | D        | Killed a guardian mummy
  6624 | D        | Noticed a guardian mummy
  6626 | D        | Killed a guardian mummy
  6641 | D        | Noticed a guardian mummy
  6642 | D        | Noticed a guardian mummy
  6644 | D        | Killed a guardian mummy
  6646 | D        | Killed a guardian mummy
  6656 | D        | Noticed a mummy priest
  6656 | D        | Noticed a guardian mummy
  6657 | D        | Noticed a guardian mummy
  6658 | D        | Killed a mummy priest
  6659 | D        | Killed a guardian mummy
  6661 | D        | Killed a guardian mummy
  6872 | D        | Noticed a fire dragon
  6876 | D        | Killed a fire dragon
  6933 | D        | Engulfed by a cloud of flame

Vault maps used:
D:        dungeon_sprint_mu

Action                   |  1- 3 |  4- 6 |  7- 9 | 10-12 | 13-15 || total
-------------------------+-------+-------+-------+-------+-------++-------
Melee: Dagger            |    20 |    11 |    26 |    92 |   130 ||   279
       Rapier            |       |       |       |       |    51 ||    51
 Cast: Ensorcelled Hiber |     2 |       |    16 |    31 |    14 ||    63
       Corona            |     1 |       |       |       |       ||     1
       Dazzling Spray    |       |     4 |    15 |    30 |    91 ||   140
       Searing Ray       |       |       |       |     1 |       ||     1
       Tukima's Dance    |       |       |       |       |     8 ||     8
       Confuse           |       |       |       |       |     1 ||     1
       Iskenderun's Batt |       |       |       |       |     7 ||     7
       Freezing Cloud    |       |       |       |       |     2 ||     2
       Fulminant Prism   |       |       |       |       |     2 ||     2
       Magic Dart        |       |       |       |       |     1 ||     1
Invok: Shadow Step       |       |       |       |    11 |    19 ||    30
  Use: Potion            |       |     4 |     1 |       |     2 ||     7
       Scroll            |       |     3 |       |       |     2 ||     5
 Stab: Sleeping          |     4 |     6 |    24 |    65 |    63 ||   162
       Invisible         |       |       |       |     6 |     6 ||    12
       Confused          |       |       |       |       |     1 ||     1
  Eat: Fruit             |       |       |       |       |     5 ||     5
